Map: Eternal Empire LE

Players

DPGCure (Cure)

  • Race: Terran Terran
  • League: Master
  • Spawn Location: 7:00

SpeCial - Winner!

  • Race: Terran Terran
  • League: Master
  • Spawn Location: 1:00

Event: Shopify TSL 5

VOD

Have the link to the VOD?

Description

Time

  • Played on: May 17, 2020, 11:53 a.m.
  • Length: 18:02

All games in this series

Show
View Real Time Build Order
Export as new Build Order

DPGCure Terran 

Build Orders: Gas First Reaper Expand, Liberator Opening, Mech 

Get SALT Encoding   

  12  0:00  SCV  
  13  0:12  SCV  
  14  0:17  Supply Depot  
  14  0:24  SCV  
  14  0:27  Refinery  
  15  0:38  SCV  
  16  0:44  Barracks  
  16  0:50  SCV  
  17  1:02  SCV  
  18  1:14  SCV  
  19  1:30  Orbital Command  
  19  1:31  Reaper  
  20  1:43  Command Center  
  20  1:56  SCV  
  20  1:59  Factory  
  21  2:05  Barracks Reactor  
  21  2:08  SCV  
  22  2:12  Supply Depot  
  22  2:18  Refinery  
  22  2:20  SCV  
  23  2:34  SCV  
  22  2:46  SCV  
  22  2:49  Starport  
  22  2:55  Hellion x2  
  26  2:58  SCV  
  26  3:00  Orbital Command  
  27  3:10  SCV  
  28  3:17  Hellion x2  
  32  3:22  SCV  
  32  3:26  SCV  
  34  3:29  Liberator  
  37  3:36  Supply Depot  
  37  3:37  SCV  
  37  3:38  SCV  
  39  3:42  Hellion  
  39  3:45  Hellion  
  43  3:49  SCV  
  43  3:50  SCV  
  43  3:51  Barracks Tech Lab  
  45  4:00  Supply Depot  
  45  4:01  SCV  
  45  4:02  SCV  
  47  4:04  Hellion  
  47  4:07  Hellion  
  47  4:09  Refinery  
  51  4:13  SCV  
  51  4:15  SCV  
  53  4:19  Barracks Tech Lab  
  53  4:24  Supply Depot  
  55  4:25  Cloaking Field  
  55  4:26  Banshee  
  56  4:33  SCV  
  56  4:34  SCV  
  56  4:36  Factory Tech Lab  
  58  4:46  SCV x2  
  60  4:58  SCV x2  
  58  5:02  Cyclone  
  56  5:09  Banshee  
  56  5:10  SCV x2  
  56  5:12  Command Center  
  61  5:22  SCV x2  
  61  5:27  Mag-Field Accelerator  
  63  5:30  Refinery  
  63  5:34  SCV x2, Cyclone  
  68  5:46  SCV x2  
  70  5:53  Supply Depot  
  70  5:54  Supply Depot  
  70  5:56  Supply Depot, Hyperflight Rotors  
  70  6:09  Factory  
  70  6:10  Factory  
  70  6:15  SCV x2, Cyclone, Banshee  
  78  6:24  Orbital Command  
  78  6:27  SCV x2  
  80  6:39  SCV x2  
  76  6:44  Armory, Orbital Command  
  76  6:46  Armory, Engineering Bay  
  73  6:48  Cyclone  
  73  6:51  SCV x2  
  78  6:54  Barracks Reactor  
  78  6:58  Banshee, Factory Tech Lab  
  81  7:03  SCV x2, Refinery  
  81  7:08  Hellion x2, Refinery  
  87  7:10  SCV  
  88  7:15  SCV  
  88  7:16  SCV  
  88  7:22  SCV  
  88  7:23  Command Center, Siege Tank x2  
  88  7:28  SCV x2  
  88  7:29  Hellion  
  100  7:30  Hellion  
  100  7:34  SCV  
  100  7:35  Terran Vehicle Weapons Level 1  
  100  7:36  Terran Vehicle And Ship Armor Level 1  
  101  7:40  SCV x2  
  101  7:43  Banshee  
  106  7:46  SCV  
  106  7:50  Refinery  
  107  7:52  SCV  
  107  7:54  Refinery  
  107  7:56  SCV  
  99  7:58  SCV  
  99  8:04  SCV, Cyclone  
  99  8:05  Hellion x2, Cyclone  
  107  8:08  SCV, Missile Turret  
  107  8:09  Missile Turret  
  107  8:10  SCV  
  106  8:16  SCV  
  105  8:22  Missile Turret  
  105  8:25  SCV x2  
  105  8:28  SCV  
  105  8:30  Hellion x2  
  108  8:36  Planetary Fortress  
  108  8:37  SCV x2, Siege Tank x2  
  108  8:40  SCV, Missile Turret  
  117  8:50  SCV x2  
  117  8:52  SCV  
  117  8:53  Viking  
  124  9:00  Supply Depot  
  124  9:01  Supply Depot  
  124  9:02  Supply Depot  
  123  9:09  Cyclone x2  
  124  9:11  Hellion  
  124  9:12  SCV  
  124  9:21  SCV x2  
  124  9:22  Hellion  
  126  9:25  Factory  
  126  9:26  Factory  
  126  9:30  SCV x2  
  128  9:34  SCV  
  129  9:40  Hellion  
  129  9:41  SCV, Cyclone x2  
  129  9:42  SCV  
  129  9:43  Hellion  
  129  9:44  Supply Depot, Terran Vehicle Weapons Level 2  
  129  9:45  Supply Depot, Terran Vehicle And Ship Armor Level 2  
  141  9:59  Factory  
  141  10:00  SCV, Factory  
  141  10:01  SCV x2  
  141  10:03  Factory  
  144  10:08  Hellion x2  
  144  10:13  Cyclone x2  
  151  10:14  Cyclone  
  154  10:27  Infernal Pre-Igniter  
  154  10:28  Command Center  
  149  10:37  Hellion  
  145  10:45  Cyclone x2  
  145  10:47  Cyclone  
  145  10:49  Factory Reactor, Factory Tech Lab x2  
  137  10:51  Hellion  
  126  11:16  Cyclone x2  
  126  11:17  Hellion x2, Cyclone x2  
  128  11:19  Cyclone  
  128  11:22  Liberator  
  128  11:25  Hellion x2  
  137  11:36  Hellion  
  137  11:37  Hellion  
  137  11:38  Hellion x2, Command Center  
  145  11:48  Cyclone x2  
  145  11:49  Cyclone x2  
  145  11:51  Cyclone  
  145  11:52  Hellion  
  145  11:53  Hellion  
  164  11:59  Missile Turret  
  164  12:10  Supply Depot x2  
  164  12:19  Hellion  
  163  12:25  Terran Vehicle Weapons Level 3  
  163  12:31  Cyclone  
  163  12:32  Hellion x2, Cyclone x3, Terran Vehicle And Ship Armor Level 3  
  179  12:50  Hellion x4, Cyclone  
  190  12:59  Hellion x2  
  194  13:19  Planetary Fortress  
  194  13:24  Cyclone  
  194  13:26  Hellion  
  195  13:27  Cyclone x2  
  195  13:28  Hellion x3  
  195  13:29  Cyclone  
  195  13:30  Cyclone  
  195  13:31  Unknown  
  195  13:32  Hellion  
  195  13:33  Hellion  
  191  13:42  Fusion Core  
  191  13:44  SCV x3, Starport  
  191  13:45  Starport, Starport Tech Lab  
  192  13:56  Cyclone  
  195  14:04  Missile Turret  
  195  14:23  SCV x2, Cyclone x3  
  192  14:24  Cyclone  
  192  14:28  Cyclone  
  192  14:30  Hellion x3  
  192  14:31  Hellion x2  
  166  14:45  Hellion  
  166  14:49  Starport Tech Lab x2  
  166  14:52  Hellion x2  
  155  14:53  Hellion x2  
  155  14:55  Cyclone x3  
  155  14:56  Cyclone  
  169  15:00  Cyclone  
  169  15:02  Terran Ship Weapons Level 1  
  169  15:03  Hellion  
  176  15:07  Hellion  
  151  15:19  Battlecruiser x2  
  155  15:27  Battlecruiser, Cyclone x3  
  173  15:28  Cyclone  
  173  15:33  Siege Tank  
  171  15:59  Hellion x4, Siege Tank  
  179  16:06  Hellion x2  
  179  16:07  Cyclone  
  179  16:08  Cyclone  
  177  16:21  Supply Depot  
  177  16:23  Supply Depot, Orbital Command  
  177  16:26  Battlecruiser  
  165  16:33  Cyclone x2  
  165  16:34  Cyclone  
  165  16:48  Hellion x2, Cyclone x2  
  172  17:08  Refinery  
  172  17:09  Refinery  
  172  17:11  Supply Depot  
  172  17:12  Supply Depot  
  168  17:21  Cyclone  
  131  17:24  Hellion x2, Cyclone x2  
  131  17:25  Hellion  
  131  17:28  Cyclone  
  146  17:30  Hellion  
Show
View Real Time Build Order
Export as new Build Order

SpeCial Terran - Winner!

Build Orders: Reaper Expand, Mech 

Get SALT Encoding   

  12  0:00  SCV  
  13  0:12  SCV  
  14  0:17  Supply Depot  
  14  0:25  SCV  
  15  0:39  SCV  
  15  0:40  Barracks  
  16  0:44  Refinery  
  16  0:51  SCV  
  17  1:03  SCV  
  18  1:15  SCV  
  19  1:27  Reaper, Orbital Command  
  20  1:44  Command Center  
  20  1:53  SCV  
  21  1:55  Supply Depot  
  21  1:59  Marine  
  22  2:05  SCV  
  23  2:10  Factory  
  23  2:17  Marine  
  23  2:18  Refinery  
  23  2:21  SCV  
  25  2:33  SCV  
  25  2:35  Barracks Reactor  
  26  2:45  SCV  
  26  2:53  Factory Tech Lab  
  26  2:58  SCV  
  27  3:03  Orbital Command  
  27  3:10  SCV  
  27  3:12  Cyclone, Marine x2  
  33  3:22  SCV  
  34  3:28  Command Center  
  34  3:29  SCV  
  36  3:34  SCV  
  36  3:40  Starport  
  36  3:43  SCV  
  36  3:46  SCV  
  38  3:49  Siege Tank  
  41  3:55  Bunker  
  41  3:58  Barracks Tech Lab  
  41  3:59  SCV  
  41  4:00  SCV  
  43  4:03  Refinery  
  43  4:05  Supply Depot  
  43  4:11  SCV  
  43  4:12  SCV  
  45  4:23  SCV  
  46  4:27  SCV, Siege Tank  
  46  4:29  Supply Depot, Marine x2  
  52  4:35  SCV  
  53  4:39  SCV  
  53  4:40  Orbital Command  
  53  4:42  Raven  
  56  4:48  SCV  
  53  4:57  Marine  
  53  4:58  Marine  
  53  4:59  SCV  
  43  5:08  SCV x2  
  44  5:15  Marine x2  
  44  5:18  Cyclone  
  47  5:23  SCV  
  47  5:24  SCV x2  
  50  5:33  Marine x2  
  50  5:36  SCV  
  50  5:37  Viking  
  50  5:39  SCV x2  
  54  5:48  SCV  
  55  5:51  Marine x2  
  55  5:53  SCV x2  
  59  5:59  Cyclone, Refinery  
  59  6:00  SCV  
  59  6:01  Mag-Field Accelerator  
  62  6:05  SCV  
  62  6:07  SCV  
  61  6:12  SCV  
  61  6:16  Cloaking Field  
  61  6:17  SCV  
  61  6:27  SCV  
  61  6:30  Banshee  
  61  6:31  SCV  
  57  6:34  SCV  
  57  6:39  SCV  
  52  6:43  SCV  
  52  6:46  SCV  
  53  6:51  SCV  
  53  6:53  Marine x2  
  56  6:55  SCV, Orbital Command  
  56  6:57  Cyclone  
  61  7:04  SCV  
  61  7:05  Supply Depot  
  61  7:07  SCV  
  62  7:13  Banshee  
  65  7:16  SCV  
  65  7:19  SCV  
  63  7:24  SCV  
  63  7:28  SCV  
  63  7:29  Supply Depot  
  65  7:31  SCV, Cyclone  
  65  7:35  Command Center  
  65  7:36  SCV  
  70  7:39  Marine  
  70  7:40  SCV, Marine  
  70  7:43  SCV  
  74  7:49  SCV  
  75  7:52  SCV, Factory  
  75  7:53  Factory  
  75  7:55  SCV  
  77  7:58  Banshee  
  77  8:01  SCV  
  77  8:02  Refinery  
  77  8:04  SCV, Refinery  
  82  8:08  SCV  
  82  8:10  Cyclone  
  86  8:13  SCV  
  86  8:16  SCV  
  88  8:20  SCV  
  88  8:25  SCV  
  90  8:28  SCV  
  90  8:32  SCV  
  89  8:37  SCV, Supply Depot  
  89  8:39  Engineering Bay  
  89  8:40  SCV  
  89  8:41  Factory x2  
  88  8:42  Supply Depot, Siege Tank  
  88  8:44  SCV  
  88  8:47  Orbital Command  
  92  8:49  SCV  
  92  8:52  SCV  
  91  8:56  SCV  
  91  9:01  SCV  
  91  9:02  Hellion x2  
  92  9:03  Cyclone  
  92  9:05  SCV  
  92  9:08  SCV  
  92  9:13  SCV x2, Missile Turret  
  92  9:14  Cyclone  
  92  9:17  SCV, Sensor Tower  
  98  9:20  SCV  
  98  9:24  Hellion x2, Factory Tech Lab  
  103  9:25  SCV, Factory, Factory Tech Lab  
  103  9:26  Factory  
  103  9:29  SCV  
  102  9:32  SCV  
  102  9:35  Siege Tank  
  102  9:37  SCV  
  107  9:41  SCV  
  107  9:44  SCV  
  107  9:45  Hellion x2  
  113  9:46  Orbital Command, Siege Tank  
  113  9:48  Cyclone  
  113  9:50  SCV  
  120  9:53  SCV  
  120  9:55  Missile Turret  
  121  10:03  Supply Depot  
  121  10:04  Supply Depot  
  120  10:13  Supply Depot  
  120  10:14  Supply Depot  
  117  10:23  SCV  
  117  10:25  SCV x2, Hellion x2, Cyclone x2  
  128  10:30  Command Center  
  128  10:34  Factory Tech Lab x2  
  124  10:36  Cyclone x2  
  124  10:39  Supply Depot x2  
  113  10:53  SCV  
  113  10:57  SCV, Cyclone  
  115  11:00  Hellion x2, Cyclone x3  
  115  11:01  Viking  
  133  11:10  Supply Depot  
  124  11:19  Cyclone, Siege Tank  
  124  11:21  SCV x2, Hellion x2  
  124  11:22  SCV  
  135  11:33  SCV x2  
  135  11:37  Cyclone  
  143  11:40  Cyclone  
  143  11:42  Hellion x2  
  143  11:46  Siege Tank  
  150  11:50  Orbital Command  
  150  11:52  Liberator  
  152  11:58  SCV x2  
  152  12:02  Hellion, Cyclone  
  152  12:06  Unknown  
  152  12:07  Missile Turret  
  157  12:09  Hellion  
  157  12:13  Siege Tank  
  157  12:14  Hellion  
  162  12:18  Hellion  
  160  12:23  Infernal Pre-Igniter  
  160  12:24  Siege Tank  
  160  12:25  Hellion  
  160  12:27  Hellion  
  160  12:38  Command Center  
  160  12:42  Hellion, Cyclone  
  165  12:46  Cyclone  
  165  12:47  Hellion  
  165  12:49  Hellion  
  171  12:59  Hellion, Cyclone  
  171  13:02  Hellion  
  176  13:08  Hellion  
  178  13:16  Cyclone  
  178  13:18  Cyclone  
  161  13:29  Hellion, Cyclone  
  161  13:30  Siege Tank  
  161  13:31  Hellion, Cyclone  
  161  13:32  Cyclone  
  161  13:34  SCV x3  
  155  13:35  SCV  
  155  13:46  SCV x3  
  155  13:47  SCV  
  155  13:48  Siege Tank  
  159  13:58  SCV x3  
  159  14:00  Hellion, Sensor Tower  
  159  14:01  Siege Tank  
  167  14:03  SCV  
  167  14:09  Siege Tank  
  169  14:10  SCV x3  
  169  14:15  SCV  
  169  14:16  Siege Tank  
  152  14:35  Hellion, Cyclone  
  152  14:37  Cyclone  
  160  14:39  Cyclone  
  160  14:40  Hellion  
  160  14:43  SCV  
  160  14:44  SCV  
  162  14:48  Hellion, Cyclone  
  162  14:50  Hellion  
  162  14:51  Orbital Command  
  169  14:55  SCV x2  
  169  14:56  Hellion  
  169  14:59  SCV x2  
  175  15:00  Liberator  
  181  15:07  Cyclone  
  181  15:09  Hellion, Cyclone x2  
  181  15:12  Hellion, Cyclone  
  161  15:17  Hellion  
  161  15:19  SCV  
  161  15:20  Cyclone  
  153  15:31  Hellion  
  153  15:33  Hellion  
  154  15:39  Hellion, Cyclone  
  154  15:41  Cyclone  
  154  15:42  Hellion  
  164  15:44  Cyclone  
  167  15:52  Hellion x2  
  167  15:54  Cyclone  
  168  16:00  Hellion  
  168  16:03  Cyclone  
  173  16:09  SCV  
  176  16:11  Hellion  
  176  16:13  Hellion, Cyclone  
  176  16:16  Cyclone  
  176  16:18  Hellion  
  186  16:23  Hellion  
  184  16:27  Cyclone  
  184  16:32  Cyclone  
  188  16:34  Supply Depot, Siege Tank  
  188  16:35  Hellion  
  188  16:39  Hellion  
  195  16:42  Starport Reactor  
  195  16:52  Hellion  
  195  16:56  Cyclone  
  195  16:59  Hellion  
  199  17:11  Cyclone  
  200  17:15  Hellion, Cyclone  
  200  17:20  Cyclone  
  200  17:22  Hellion, Cyclone  
  198  17:28  Command Center  
  198  17:29  Command Center  
  195  17:32  Armory  
  195  17:34  Armory  
Tags
 
Add a new tag
Caveats
  • Supply blocks, unpowered buildings, or Contaminate may cause inaccurate times.
  • Supply counts are checked every 10 seconds.